Map: Tropic Shores

Players

Rugi - Winner!

  • Race: Zerg Zerg
  • League: Diamond
  • Spawn Location: 12:00

Myran - Winner!

  • Race: Protoss Protoss
  • Spawn Location: 11:00

dallaskuken - Winner!

  • Race: Protoss Protoss
  • League: Platinum
  • Spawn Location: 0:00

Loken - Winner!

  • Race: Protoss Protoss
  • Spawn Location: 12:00

Farmilus

  • Race: Terran Terran
  • League: Gold
  • Spawn Location: 5:00

Hornik

  • Race: Protoss Protoss
  • Spawn Location: 6:00

Smozul

  • Race: Protoss Protoss
  • League: Silver
  • Spawn Location: 6:00

Mozul

  • Race: Terran Terran
  • Spawn Location: 5:00

VOD

Have the link to the VOD?

Description

Time

  • Played on: March 11, 2017, 7:15 p.m.
  • Length: 10:56
Show
View Real Time Build Order
Export as new Build Order

Rugi Zerg - Winner!

Build Orders: Pool First, Zergling Baneling 

Get SALT Encoding   

  12  0:01  Drone  
  13  0:12  Overlord  
  13  0:18  Drone  
  14  0:31  Drone  
  14  0:32  Drone  
  14  0:34  Drone  
  17  0:39  Extractor  
  16  0:49  Spawning Pool  
  15  0:51  Drone  
  15  0:56  Drone  
  17  1:06  Overlord  
  17  1:36  Queen  
  17  1:38  Metabolic Boost  
  19  1:44  Zergling x6  
  22  2:02  Hatchery  
  22  2:06  Baneling Nest  
  20  2:10  Zergling x2  
  20  2:13  Zergling x2  
  22  2:22  Zergling x2  
  23  2:44  Zergling x4  
  23  2:47  Queen  
  25  3:08  Baneling x4  
  25  3:09  Baneling  
  25  3:11  Zergling x6  
  27  3:16  Zergling x4  
  29  3:21  Zergling x4  
  29  3:22  Zergling x2  
  29  3:26  Zergling x2  
  33  3:31  Overlord  
  33  3:46  Zergling x2  
  33  3:47  Zergling x4  
  31  3:55  Baneling x4  
  31  3:57  Baneling  
  30  4:07  Zergling x2  
  30  4:08  Zergling x4  
  27  4:15  Drone x2  
  27  4:23  Zergling x4  
  29  4:29  Zergling x2  
  30  4:33  Drone  
  30  4:36  Drone  
  32  4:45  Drone x2  
  34  4:48  Drone  
  34  4:51  Drone  
  36  4:56  Zergling x2  
  33  5:15  Zergling x6  
  33  5:18  Overlord  
  33  5:27  Zergling x4  
  35  5:28  Overlord  
  35  5:35  Queen  
  35  5:37  Extractor  
  35  5:38  Spore Crawler  
  35  5:42  Drone x2  
  39  5:43  Drone  
  39  5:46  Drone  
  39  5:47  Drone  
  42  5:56  Drone x2  
  42  6:08  Zergling x2  
  42  6:09  Zergling x8  
  39  6:20  Zergling x4  
  38  6:42  Spore Crawler  
  36  6:47  Lair  
  36  6:51  Zergling x14  
  40  6:59  Zergling x2  
  40  7:00  Zergling x4  
  37  7:05  Zergling x8  
  40  7:14  Baneling x8  
  24  7:45  Extractor  
  22  7:51  Hatchery  
  19  7:59  Overseer  
  19  8:05  Zergling x6  
  17  8:16  Zergling x2  
  14  8:38  Hatchery  
  13  8:51  Baneling x6  
  13  8:56  Drone x3  
  16  9:03  Hatchery  
  12  10:16  Drone  
  13  10:36  Drone  
  13  10:38  Drone  
Show
View Real Time Build Order
Export as new Build Order

Myran Protoss - Winner!

Build Orders:  

Get SALT Encoding   

  12  0:01  Probe (Chrono Boost)  
  13  0:18  Pylon  
  13  0:20  Probe (Chrono Boost)  
  14  0:30  Probe (Chrono Boost)  
  15  0:41  Probe (Chrono Boost)  
  16  0:59  Probe (Chrono Boost)  
  17  1:16  Probe (Chrono Boost)  
  17  1:17  Assimilator  
  18  1:20  Gateway  
  17  1:34  Probe (Chrono Boost)  
  18  1:40  Forge  
  18  1:42  Pylon  
  18  1:45  Pylon, Probe (Chrono Boost)  
  19  1:50  Assimilator  
  19  1:54  Assimilator  
  19  1:55  Probe (Chrono Boost)  
  20  2:06  Probe (Chrono Boost)  
  21  2:19  Zealot  
  21  2:22  Nexus  
  23  2:28  Probe (Chrono Boost)  
  24  2:39  Probe (Chrono Boost)  
  25  2:45  Gateway  
  25  2:49  Probe (Chrono Boost)  
  26  3:00  Probe (Chrono Boost)  
  26  3:04  Zealot  
  29  3:15  Cybernetics Core  
  29  3:18  Pylon  
  29  3:19  Probe (Chrono Boost)  
  30  3:29  Pylon, Probe (Chrono Boost)  
  30  3:31  Pylon  
  31  3:35  Probe (Chrono Boost)  
  31  3:39  Warp Gate  
  31  3:40  Probe (Chrono Boost)  
  33  3:50  Probe (Chrono Boost)  
  33  3:51  Probe (Chrono Boost)  
  35  3:57  Stalker  
  38  4:03  Probe (Chrono Boost)  
  38  4:07  Twilight Council  
  38  4:12  Probe (Chrono Boost)  
  38  4:15  Probe (Chrono Boost)  
  40  4:23  Probe (Chrono Boost)  
  41  4:26  Zealot  
  41  4:29  Protoss Shields Level 1  
  41  4:30  Zealot  
  45  4:48  Probe (Chrono Boost)  
  45  4:52  Gateway  
  46  4:53  Gateway  
  46  4:56  Pylon  
  46  4:58  Charge  
  46  5:06  Dark Shrine  
  46  5:47  Stalker  
  46  5:48  Stalker  
  50  5:51  Zealot  
  50  5:52  Zealot  
  54  6:08  Gateway  
  54  6:09  Gateway, Protoss Ground Weapons Level 1  
  54  6:14  Assimilator  
  54  6:17  Zealot  
  54  6:18  Zealot x3  
  60  6:19  Assimilator  
  62  6:59  Dark Templar  
  62  7:00  Dark Templar  
  62  7:01  Dark Templar x2  
  56  7:54  Dark Templar  
  56  7:55  Dark Templar x2  
  62  8:04  Photon Cannon  
  62  8:08  Photon Cannon  
  62  8:15  Photon Cannon  
  62  8:16  Zealot x3  
  68  8:20  Photon Cannon  
  68  8:54  Robotics Facility  
  68  9:01  Stalker x3  
  68  9:02  Stalker  
  76  9:04  Zealot x2  
  66  10:46  Stalker x2  
  66  10:47  Stalker x4  
Show
View Real Time Build Order
Export as new Build Order

dallaskuken Protoss - Winner!

Build Orders:  

Get SALT Encoding   

  12  0:01  Probe (Chrono Boost)  
  13  0:12  Probe (Chrono Boost)  
  14  0:23  Probe (Chrono Boost)  
  14  0:28  Pylon  
  15  0:47  Forge  
  15  0:59  Pylon  
  15  1:05  Pylon  
  15  1:10  Assimilator  
  15  1:21  Pylon  
  15  1:38  Pylon  
  15  1:39  Pylon  
  15  1:44  Assimilator  
  15  2:00  Photon Cannon  
  15  2:11  Photon Cannon  
  15  2:30  Probe (Chrono Boost)  
  15  2:40  Probe (Chrono Boost)  
  16  2:51  Probe (Chrono Boost)  
  17  3:01  Probe (Chrono Boost)  
  18  3:14  Probe (Chrono Boost)  
  18  3:18  Gateway, Nexus  
  19  3:21  Pylon  
  19  3:24  Probe (Chrono Boost)  
  20  3:32  Assimilator  
  20  3:35  Probe (Chrono Boost)  
  20  3:36  Assimilator  
  20  3:38  Pylon  
  20  3:40  Pylon  
  21  3:45  Probe (Chrono Boost)  
  22  3:56  Probe (Chrono Boost)  
  23  4:06  Probe (Chrono Boost)  
  24  4:23  Cybernetics Core  
  24  4:32  Pylon  
  24  4:35  Probe (Chrono Boost)  
  25  4:44  Zealot  
  27  4:46  Probe (Chrono Boost)  
  27  4:48  Probe (Chrono Boost)  
  29  4:56  Probe (Chrono Boost)  
  29  4:58  Probe (Chrono Boost)  
  31  5:01  Photon Cannon  
  31  5:06  Photon Cannon  
  32  5:07  Probe (Chrono Boost)  
  32  5:09  Probe (Chrono Boost)  
  32  5:12  Pylon  
  33  5:17  Probe (Chrono Boost)  
  33  5:19  Probe (Chrono Boost)  
  35  5:28  Probe (Chrono Boost)  
  36  5:30  Probe (Chrono Boost)  
  37  5:38  Probe (Chrono Boost)  
  37  5:40  Probe (Chrono Boost)  
  39  5:43  Assimilator  
  39  5:47  Assimilator  
  39  5:49  Probe (Chrono Boost)  
  40  5:51  Probe (Chrono Boost)  
  40  5:53  Stargate  
  40  5:54  Stargate  
  40  5:56  Stargate  
  41  5:59  Probe (Chrono Boost)  
  41  6:01  Stargate, Probe (Chrono Boost)  
  43  6:10  Probe (Chrono Boost)  
  44  6:12  Probe (Chrono Boost)  
  45  6:20  Probe (Chrono Boost)  
  45  6:24  Pylon  
  46  6:26  Pylon  
  46  6:28  Pylon  
  46  6:29  Pylon  
  46  6:31  Probe (Chrono Boost)  
  46  6:32  Pylon  
  47  6:42  Probe (Chrono Boost)  
  48  6:52  Probe (Chrono Boost)  
  49  7:02  Photon Cannon  
  49  7:08  Photon Cannon  
  49  7:09  Photon Cannon  
  49  7:17  Photon Cannon  
  49  7:21  Photon Cannon  
  49  7:25  Void Ray x4  
  65  7:37  Robotics Facility  
  65  7:42  Photon Cannon  
  65  7:45  Photon Cannon  
  65  8:08  Void Ray x2  
  73  8:23  Observer  
  74  8:40  Void Ray x2  
  82  8:50  Void Ray  
  86  9:06  Void Ray  
  90  9:23  Void Ray x2  
  98  9:44  Void Ray  
  102  9:49  Void Ray  
Show
View Real Time Build Order
Export as new Build Order

Loken Protoss - Winner!

Build Orders:  

Get SALT Encoding   

  12  0:02  Probe (Chrono Boost)  
  13  0:13  Probe (Chrono Boost)  
  14  0:23  Probe (Chrono Boost)  
  15  0:37  Pylon  
  15  0:55  Probe (Chrono Boost)  
  15  0:56  Assimilator  
  16  0:58  Gateway  
  16  1:06  Probe (Chrono Boost)  
  17  1:16  Probe (Chrono Boost)  
  18  1:27  Probe (Chrono Boost)  
  19  1:38  Probe (Chrono Boost)  
  20  1:42  Pylon  
  20  1:46  Cybernetics Core  
  20  1:48  Probe (Chrono Boost)  
  21  1:59  Probe (Chrono Boost)  
  21  2:00  Nexus  
  22  2:09  Assimilator, Probe (Chrono Boost)  
  23  2:20  Probe (Chrono Boost)  
  24  2:25  Stargate  
  24  2:30  Probe (Chrono Boost)  
  25  2:41  Probe (Chrono Boost)  
  26  2:49  Pylon  
  26  2:51  Probe (Chrono Boost)  
  26  2:57  Pylon  
  27  3:00  Assimilator  
  27  3:02  Probe (Chrono Boost)  
  27  3:04  Assimilator  
  28  3:17  Probe (Chrono Boost)  
  29  3:28  Probe (Chrono Boost)  
  29  3:30  Fleet Beacon  
  30  3:35  Probe (Chrono Boost)  
  30  3:38  Probe (Chrono Boost)  
  32  3:46  Probe (Chrono Boost)  
  33  3:49  Probe (Chrono Boost)  
  34  3:57  Probe (Chrono Boost)  
  34  3:59  Probe (Chrono Boost)  
  36  4:07  Stargate, Probe (Chrono Boost)  
  38  4:10  Stargate, Probe (Chrono Boost)  
  38  4:14  Pylon  
  38  4:18  Probe (Chrono Boost)  
  38  4:20  Probe (Chrono Boost)  
  40  4:27  Tempest  
  40  4:28  Probe (Chrono Boost)  
  42  4:32  Probe (Chrono Boost)  
  48  4:39  Probe (Chrono Boost)  
  48  4:42  Warp Gate  
  48  4:44  Probe (Chrono Boost)  
  50  4:49  Probe (Chrono Boost)  
  51  4:55  Tempest  
  51  4:56  Probe (Chrono Boost)  
  59  5:00  Probe (Chrono Boost)  
  59  5:07  Tempest  
  59  5:10  Probe (Chrono Boost)  
  66  5:25  Pylon  
  66  5:27  Pylon  
  66  5:30  Pylon  
  66  5:37  Tempest  
  66  5:42  Tempest  
  78  5:56  Tempest  
  84  6:14  Tempest  
  90  6:52  Tempest  
  89  7:01  Tempest  
  90  7:08  Forge  
  90  7:11  Forge  
  83  7:59  Photon Cannon  
  83  8:01  Photon Cannon  
  83  8:03  Photon Cannon  
  83  8:09  Photon Cannon  
  83  8:12  Photon Cannon  
  83  8:16  Pylon  
  83  8:19  Pylon  
  83  8:22  Tempest  
  89  8:34  Tempest x2  
  101  8:46  Probe (Chrono Boost)  
  102  8:48  Pylon  
  102  8:52  Pylon  
  102  8:54  Pylon  
  102  8:58  Probe (Chrono Boost)  
  104  9:10  Probe (Chrono Boost)  
  104  9:22  Probe (Chrono Boost)  
  105  9:34  Probe (Chrono Boost)  
  106  9:44  Tempest  
  106  9:50  Tempest x2  
Show
View Real Time Build Order
Export as new Build Order

Farmilus Terran 

Build Orders:  

Get SALT Encoding   

  12  0:01  SCV  
  13  0:19  SCV  
  14  0:23  Supply Depot  
  14  0:32  SCV  
  15  0:36  Refinery  
  15  0:45  SCV  
  15  0:49  Refinery  
  16  1:01  SCV  
  17  1:13  Barracks  
  17  1:15  SCV  
  18  1:39  SCV  
  19  1:46  Supply Depot  
  19  2:02  Marine  
  19  2:05  Factory  
  20  2:30  Orbital Command  
  20  2:43  Marine  
  21  2:52  Factory Reactor  
  21  2:57  Factory  
  21  3:01  Marine  
  22  3:17  SCV  
  23  3:33  Cyclone x2  
  29  3:38  SCV  
  29  3:49  Supply Depot  
  29  3:58  Factory Tech Lab  
  29  4:35  Supply Depot  
  29  4:42  Command Center  
  29  4:56  Siege Tank  
  29  4:58  Supply Depot  
  26  5:17  Hellion x2  
  28  5:29  Hellion  
  30  5:44  Hellion x2  
  30  5:49  SCV  
  35  5:50  Siege Tank  
  38  5:57  Supply Depot  
  38  6:02  Starport  
  38  6:03  Starport  
  38  7:10  Starport Tech Lab x2  
  38  7:14  Siege Tank  
  38  7:15  Hellion x2  
  43  7:39  Starport  
  43  7:41  Widow Mine x2  
  43  7:42  Starport  
  40  7:58  Raven  
  42  8:00  Viking  
  42  8:03  Orbital Command  
  44  8:06  Refinery  
  44  8:10  Refinery  
  44  8:35  Viking, Armory  
  46  8:50  Viking  
  46  8:51  SCV  
  49  8:57  SCV  
  50  9:03  SCV  
  50  9:08  Viking  
  53  9:25  Viking  
  33  9:48  Medivac x2  
  33  9:54  Viking  
  33  9:55  Viking  
  33  10:09  Widow Mine  
  35  10:18  Viking  
Show
View Real Time Build Order
Export as new Build Order

Hornik Protoss 

Build Orders:  

Get SALT Encoding   

  12  0:01  Probe (Chrono Boost)  
  13  0:12  Probe (Chrono Boost)  
  14  0:23  Probe (Chrono Boost)  
  14  0:24  Pylon  
  15  0:42  Probe (Chrono Boost)  
  16  0:46  Gateway  
  16  0:47  Assimilator  
  16  0:52  Probe (Chrono Boost)  
  17  1:03  Probe (Chrono Boost)  
  18  1:06  Assimilator  
  18  1:17  Probe (Chrono Boost)  
  19  1:28  Probe (Chrono Boost)  
  20  1:33  Cybernetics Core  
  20  1:41  Zealot  
  20  1:42  Probe (Chrono Boost)  
  20  1:46  Pylon  
  23  2:04  Probe (Chrono Boost)  
  24  2:11  Warp Gate  
  25  2:16  Probe (Chrono Boost)  
  25  2:18  Stalker  
  27  2:28  Gateway  
  27  2:30  Gateway  
  27  2:44  Stalker  
  29  2:54  Probe (Chrono Boost)  
  30  2:58  Gateway  
  30  3:20  Pylon  
  30  3:40  Twilight Council  
  30  3:41  Forge  
  30  3:42  Pylon  
  26  4:10  Blink  
  25  4:18  Protoss Ground Weapons Level 1  
  23  4:32  Stalker x2  
  23  4:33  Stalker x2  
  31  4:43  Dark Shrine  
  31  4:46  Pylon x2  
  31  5:03  Pylon  
  31  5:05  Stalker x3  
  37  5:24  Stalker  
  39  5:36  Stalker  
  39  5:37  Stalker  
  43  5:56  Dark Templar  
  43  5:57  Dark Templar  
  47  6:15  Dark Templar  
  45  7:03  Dark Templar x2  
  33  7:45  Photon Cannon  
  33  7:50  Robotics Facility, Photon Cannon  
  33  7:52  Dark Templar  
  35  8:24  Stalker  
  35  8:25  Stalker x2  
  35  8:26  Stalker  
  37  8:37  Nexus  
  37  8:40  Assimilator  
  37  8:44  Assimilator  
  37  9:17  Stalker  
  37  9:18  Stalker  
  41  9:51  Stalker  
  41  9:52  Stalker, Observer  
Show
View Real Time Build Order
Export as new Build Order

Smozul Protoss 

Build Orders:  

Get SALT Encoding   

  12  0:01  Probe (Chrono Boost)  
  13  0:12  Probe (Chrono Boost)  
  14  0:26  Pylon  
  14  0:30  Probe (Chrono Boost)  
  15  0:36  Pylon  
  15  0:39  Assimilator  
  15  0:44  Probe (Chrono Boost)  
  16  0:55  Probe (Chrono Boost)  
  17  1:27  Probe (Chrono Boost)  
  17  1:30  Gateway  
  18  1:47  Forge  
  18  1:50  Gateway  
  18  2:08  Gateway  
  18  2:11  Pylon  
  18  2:30  Cybernetics Core  
  18  2:36  Probe (Chrono Boost)  
  9  3:02  Zealot  
  9  3:03  Zealot  
  10  3:10  Cybernetics Core  
  10  3:17  Stalker  
  12  3:21  Probe (Chrono Boost)  
  13  3:39  Photon Cannon  
  13  4:06  Probe (Chrono Boost)  
  14  4:16  Probe (Chrono Boost)  
  15  4:27  Probe (Chrono Boost)  
  16  4:31  Stalker  
  16  4:34  Zealot  
  16  4:38  Probe (Chrono Boost)  
  21  5:06  Zealot x2  
  19  5:41  Probe (Chrono Boost)  
  20  5:51  Probe (Chrono Boost)  
  20  5:53  Zealot x2  
  25  5:59  Zealot  
  25  6:02  Probe (Chrono Boost)  
  28  6:25  Zealot x2  
  28  6:28  Probe (Chrono Boost)  
  33  7:14  Zealot x3  
  39  7:20  Twilight Council  
  39  7:44  Zealot  
  39  7:45  Probe (Chrono Boost)  
  36  7:59  Pylon  
  36  8:04  Robotics Facility  
  36  8:05  Probe (Chrono Boost)  
  37  8:07  Assimilator  
  37  8:16  Probe (Chrono Boost)  
  38  8:24  Charge  
  38  8:26  Probe (Chrono Boost)  
  39  8:46  Probe (Chrono Boost)  
  40  8:52  Observer  
  41  9:07  Zealot  
  41  9:08  Zealot x2  
  47  9:33  Probe (Chrono Boost)  
  47  9:36  Observer  
  47  9:37  Stalker  
  47  9:38  Stalker x2  
  46  9:43  Pylon  
Show
View Real Time Build Order
Export as new Build Order

Mozul Terran 

Build Orders:  

Get SALT Encoding   

  12  0:01  SCV  
  13  0:14  SCV  
  14  0:19  Supply Depot  
  14  0:26  SCV  
  15  0:41  SCV  
  16  0:44  Barracks  
  16  0:57  Barracks  
  16  2:32  SCV  
  17  2:44  SCV  
  17  2:47  Marine x2  
  20  2:52  Supply Depot  
  20  2:54  Supply Depot  
  20  3:05  Marine x2  
  22  3:22  Marine x2  
  24  3:40  Marine x2  
  26  3:41  Barracks x2  
  26  4:00  Marine x2  
  26  4:18  Marine x2  
  28  4:34  Marine x2  
  28  4:36  Marine x2  
  32  4:52  Marine x2  
  33  4:53  Supply Depot  
  33  4:54  Marine x2, Supply Depot  
  36  5:10  Marine x2  
  38  5:17  Supply Depot  
  38  5:19  Supply Depot  
  30  5:41  Marine x2  
  30  5:42  Marine x2  
  34  5:59  Marine x4  
  29  6:17  Marine x4  
  33  6:35  Marine x2  
  32  7:03  Marine  
  32  7:04  Marine x3  
  36  7:21  Marine x3  
  36  7:22  Marine  
  28  7:39  Marine x4  
  30  7:57  Marine x2  
  32  8:09  Marine x2  
  34  8:15  Marine x2  
  36  8:27  Marine x2  
  36  8:32  Marine  
  36  8:33  Marine  
  40  8:45  Marine x2  
  42  8:50  Marine x2  
  44  9:03  Marine x2  
  44  9:08  Marine x2  
  48  9:20  Marine  
  48  9:21  Marine  
  50  9:26  Marine x2  
  31  9:38  Marine x2  
  31  9:44  Marine x2  
  26  9:56  Marine x2  
  24  10:01  Marine  
  24  10:02  Marine  
  22  10:14  Marine x2  
  22  10:19  Marine x2  
  22  10:32  Marine x2  
  24  10:37  Marine x2  
Tags
 
Add a new tag
Caveats
  • Supply blocks, unpowered buildings, or Contaminate may cause inaccurate times.
  • Supply counts are checked every 10 seconds.